Map: Amygdala

Players

Vanquish

  • Race: Protoss Protoss
  • League: Grandmaster
  • Spawn Location: 1:00

IlIlIlIlIlIl - Winner!

  • Race: Protoss Protoss
  • League: Master
  • Spawn Location: 7:00

VOD

Have the link to the VOD?

Description

Time

  • Played on: Feb. 18, 2025, 7:16 p.m.
  • Length: 5:23
Show
View Real Time Build Order
Export as new Build Order

Vanquish Protoss 

Build Orders: 1 Gate Expand 

Get SALT Encoding   

  12  0:00  Probe  
  13  0:12  Probe  
  14  0:17  Pylon  
  14  0:22  Probe  
  15  0:31  Probe  
  16  0:37  Gateway  
  16  0:39  Probe  
  16  0:45  Assimilator  
  17  0:51  Probe  
  18  1:03  Probe  
  19  1:20  Probe  
  19  1:22  Assimilator  
  19  1:24  Cybernetics Core  
  20  1:34  Nexus  
  20  1:39  Assimilator  
  20  1:42  Probe  
  21  1:53  Pylon  
  21  1:55  Probe  
  22  2:07  Probe  
  22  2:08  Stalker  
  25  2:18  Robotics Facility  
  25  2:22  Pylon  
  25  2:26  Probe  
  25  2:28  Warp Gate  
  26  2:31  Stalker  
  26  2:38  Probe  
  29  2:46  Probe  
  29  2:50  Probe  
  31  2:55  Stalker  
  31  2:59  Probe  
  31  3:03  Probe  
  35  3:11  Probe  
  36  3:19  Shield Battery  
  36  3:22  Stalker  
  36  3:23  Immortal  
  40  3:33  Probe  
  43  3:34  Probe  
  43  3:40  Shield Battery  
  44  3:45  Probe  
  44  3:47  Probe  
  46  3:59  Probe  
  46  4:02  Gateway  
  46  4:09  Pylon  
  46  4:20  Pylon  
  46  4:23  Immortal  
  46  4:27  Probe x2  
  46  4:28  Sentry  
  54  4:33  Gateway  
  54  4:37  Pylon  
  54  4:40  Probe x2  
  52  4:52  Stalker  
  39  5:10  Stalker  
  41  5:18  Stalker  
Show
View Real Time Build Order
Export as new Build Order

IlIlIlIlIlIl Protoss - Winner!

Build Orders: Mass Adepts 

Get SALT Encoding   

  12  0:06  Probe  
  13  0:17  Pylon  
  13  0:19  Probe  
  14  0:30  Probe  
  15  0:37  Gateway  
  15  0:38  Probe  
  16  0:46  Probe  
  16  0:49  Assimilator  
  17  0:58  Assimilator, Probe  
  18  1:07  Probe  
  19  1:14  Gateway  
  19  1:15  Probe  
  20  1:26  Cybernetics Core  
  20  1:28  Probe  
  21  1:36  Pylon  
  21  1:40  Probe  
  22  1:52  Probe  
  22  1:53  Warp Gate  
  23  2:03  Adept x2  
  27  2:19  Twilight Council  
  27  2:33  Adept x2  
  31  2:37  Pylon  
  31  2:45  Resonating Glaives  
  31  2:57  Gateway  
  31  2:58  Pylon  
  31  2:59  Gateway  
  31  3:07  Adept  
  31  3:10  Adept  
  35  3:27  Gateway  
  35  3:33  Shield Battery  
  35  3:51  Adept x2  
  39  3:56  Adept x2  
  43  4:09  Pylon  
  43  4:22  Adept x2  
  47  4:27  Adept x2  
  51  4:31  Adept  
  47  4:53  Adept x3  
  49  5:01  Adept  
  49  5:03  Adept  
Tags
 
Composition
Mass Adepts
Matchup
PvP
Spawn Locations
Cross Positions
Add a new tag
Caveats
  • Supply blocks, unpowered buildings, or Contaminate may cause inaccurate times.
  • Supply counts are checked every 10 seconds.